TOP OF THE 1ST |
Seattle Pikes batting - Pitching for Chicago Machine : RHP Kiyomitsu Fujii
|
Pitching: RHP Kiyomitsu Fujii
|
|
Batting: LHB Bruno Lalonde
|
0-0: Foul Ball, location: 2F 0-1: Foul Ball, location: 2F 0-2: DOUBLE (Groundball, 5L)
|
Batting: RHB John Anderson
|
0-0: Ball 1-0: Ground out 4-3 (Groundball, 4M) Bruno Lalonde to third
|
Batting: LHB Eduardo Gómez
|
0-0: Ball 1-0: Fly out, F3 (Popup, 3SF)
|
Batting: LHB Luka Lagerweij
|
0-0: Ball 1-0: Swinging Strike 1-1: Called Strike 1-2: SINGLE (Line Drive, 89S) Bruno Lalonde scores
|
Batting: SHB Jong-min Kim
|
0-0: 2-RUN HOME RUN (Flyball, 89XD), Distance : 409 ft
|
Batting: RHB Reynold Akker
|
0-0: Fly out, F9 (Flyball, 9LS)
|
Top of the 1st over - 3 run(s), 3 hit(s), 0 error(s), 0 left on base; Seattle 3 - Chicago 0 |
BOTTOM OF THE 1ST |
Chicago Machine batting - Pitching for Seattle Pikes : RHP Jesús Suárez
|
Pitching: RHP Jesús Suárez
|
|
Batting: RHB Roberto Cardona
|
0-0: Called Strike 0-1: Swinging Strike 0-2: Ground out 4-3 (Groundball, 4)
|
Batting: LHB Bob Smith
|
0-0: Ground out 4-3 (Groundball, 4)
|
Batting: LHB José Antonio Santiago
|
0-0: Called Strike 0-1: Ball 1-1: Ball 2-1: Foul Ball, location: 2F 2-2: SINGLE (Line Drive, 89M)
|
Batting: LHB Eric Wheeler
|
0-0: Ball 1-0: Swinging Strike 1-1: Foul Ball, location: 2F 1-2: Foul Ball, location: 2F 1-2: Strikes out swinging
|
Bottom of the 1st over - 0 run(s), 1 hit(s), 0 error(s), 1 left on base; Seattle 3 - Chicago 0 |
TOP OF THE 2ND |
Seattle Pikes batting - Pitching for Chicago Machine : RHP Kiyomitsu Fujii
|
Batting: RHB Randy Sheppard
|
0-0: Ball 1-0: Bunt missed! 1-1: DOUBLE (Line Drive, 7LM)
|
Batting: RHB Naomi Kitamura
|
0-0: Called Strike 0-1: Ball 1-1: Ball 2-1: Fly out, F8 (Flyball, 8RM) Runner from 2nd tags up, SAFE at 3rd with throw
|
Batting: RHB Henning Huisman
|
0-0: Foul Ball, location: 2F 0-1: Ball 1-1: SINGLE (Groundball, 4M) Randy Sheppard scores
|
Batting: LHB Bruno Lalonde
|
0-0: Called Strike 0-1: Ball 1-1: Foul Ball, location: 2F 1-2: Ball 2-2: Ball 3-2: Fielders Choice at 2nd, 3-6 (Groundball, 3)
|
Batting: RHB John Anderson
|
0-0: Ball Bruno Lalonde is caught stealing 2nd base
|
Top of the 2nd over - 1 run(s), 2 hit(s), 0 error(s), 0 left on base; Seattle 4 - Chicago 0 |
BOTTOM OF THE 2ND |
Chicago Machine batting - Pitching for Seattle Pikes : RHP Jesús Suárez
|
Batting: LHB Luis Espinoza
|
0-0: Foul Ball, location: 2F 0-1: Ball 1-1: Ball 2-1: SINGLE (Flyball, 7S)
|
Batting: SHB Joaquín López
|
0-0: Called Strike 0-1: Ball 1-1: Called Strike 1-2: Foul Ball, location: 2F 1-2: Foul Ball, location: 2F 1-2: Ball 2-2: Ball 3-2: SINGLE (Line Drive, 7LS) Luis Espinoza to second
|
Batting: RHB Fabrice Brodeur
|
0-0: Ball 1-0: Ball 2-0: Foul Ball, location: 2F 2-1: Fly out, F9 (Flyball, 9D) Runner from 2nd tags up, SAFE at 3rd, no throw
|
Batting: SHB Tony McLaughlin
|
0-0: Fly out, F4 (Popup, 4D)
|
Batting: RHB Rick Ayliffe
|
Pickoff Throw to First - Out!
|
Bottom of the 2nd over - 0 run(s), 2 hit(s), 0 error(s), 0 left on base; Seattle 4 - Chicago 0 |
TOP OF THE 3RD |
Seattle Pikes batting - Pitching for Chicago Machine : RHP Kiyomitsu Fujii
|
Batting: RHB John Anderson
|
0-0: SINGLE (Line Drive, 7LS)
|
Batting: LHB Eduardo Gómez
|
0-0: Foul Ball, location: 2F 0-1: Called Strike 0-2: Ball 1-2: Ball 2-2: Fly out, F8 (Flyball, 78M)
|
Batting: LHB Luka Lagerweij
|
0-0: SINGLE (Groundball, 56D) John Anderson to second
|
Batting: SHB Jong-min Kim
|
0-0: SINGLE (Flyball, 7S) John Anderson to third Luka Lagerweij to second Runner from 3rd tries for Home, SAFE, throw made home Luka Lagerweij to third Jong-min Kim to second
|
Batting: RHB Reynold Akker
|
0-0: Ball 1-0: Ball 2-0: Foul Ball, location: 2F 2-1: Called Strike 2-2: Ball 3-2: Ground out 5-3 (Groundball, 15S) Luka Lagerweij scores Jong-min Kim to third
|
Batting: RHB Randy Sheppard
|
0-0: Called Strike 0-1: Swinging Strike 0-2: Fly out, F8 (Popup, 8LS)
|
Top of the 3rd over - 2 run(s), 3 hit(s), 0 error(s), 1 left on base; Seattle 6 - Chicago 0 |
BOTTOM OF THE 3RD |
Chicago Machine batting - Pitching for Seattle Pikes : RHP Jesús Suárez
|
Batting: RHB Rick Ayliffe
|
0-0: Ball 1-0: Ball 2-0: Foul Ball, location: 2F 2-1: Foul Ball, location: 2F 2-2: Foul Ball, location: 2F 2-2: Ground out 6-3 (Groundball, 6MS)
|
Batting: RHB Roberto Cardona
|
0-0: Ball 1-0: Foul Ball, location: 2F 1-1: Ground out 4-3 (Groundball, 4)
|
Batting: LHB Bob Smith
|
0-0: Ball 1-0: Fly out, F5 (Popup, 5F)
|
Bottom of the 3rd over - 0 run(s), 0 hit(s), 0 error(s), 0 left on base; Seattle 6 - Chicago 0 |
TOP OF THE 4TH |
Seattle Pikes batting - Pitching for Chicago Machine : RHP Kiyomitsu Fujii
|
Batting: RHB Naomi Kitamura
|
0-0: Ball 1-0: Ground out 5-3 (Groundball, 56)
|
Batting: RHB Henning Huisman
|
0-0: Called Strike 0-1: Ball 1-1: Ball 2-1: Ball 3-1: Foul Ball, location: 2F 3-2: Strikes out swinging
|
Batting: LHB Bruno Lalonde
|
0-0: DOUBLE (Line Drive, 5D)
|
Batting: RHB John Anderson
|
0-0: Called Strike 0-1: Called Strike 0-2: Fly out, F7 (Flyball, 78M)
|
Top of the 4th over - 0 run(s), 1 hit(s), 0 error(s), 1 left on base; Seattle 6 - Chicago 0 |
BOTTOM OF THE 4TH |
Chicago Machine batting - Pitching for Seattle Pikes : RHP Jesús Suárez
|
Batting: LHB José Antonio Santiago
|
0-0: Called Strike 0-1: Ball 1-1: Called Strike 1-2: SINGLE (Line Drive, 4M)
|
Batting: LHB Eric Wheeler
|
0-0: Ball 1-0: SINGLE (Line Drive, 8LS) José Antonio Santiago to second
|
Batting: LHB Luis Espinoza
|
0-0: Called Strike 0-1: Swinging Strike 0-2: Ball 1-2: Ball 2-2: Grounds into double play, 4-6-3 (Groundball, 34) José Antonio Santiago to third
|
Batting: SHB Joaquín López
|
0-0: Ball 1-0: Swinging Strike 1-1: Ball 2-1: Foul Ball, location: 2F 2-2: Fly out, F7 (Line Drive, 7S)
|
Bottom of the 4th over - 0 run(s), 2 hit(s), 0 error(s), 1 left on base; Seattle 6 - Chicago 0 |
TOP OF THE 5TH |
Seattle Pikes batting - Pitching for Chicago Machine : RHP Kiyomitsu Fujii
|
Pitching: RHP Manny Muñóz
|
|
Batting: LHB Eduardo Gómez
|
0-0: Ball 1-0: Called Strike 1-1: Foul Ball, location: 2F 1-2: Ball 2-2: Foul Ball, location: 2F 2-2: Ground out 4-3 (Groundball, 4)
|
Batting: LHB Luka Lagerweij
|
0-0: Foul Ball, location: 2F 0-1: Ball 1-1: Swinging Strike 1-2: Ball 2-2: Strikes out swinging
|
Batting: SHB Jong-min Kim
|
0-0: Foul Ball, location: 2F 0-1: Foul Ball, location: 2F 0-2: Ball 1-2: Ball 2-2: Ball 3-2: Base on Balls
|
Batting: RHB Reynold Akker
|
0-0: Ball 1-0: Ball 2-0: Called Strike 2-1: Ball 3-1: Base on Balls Jong-min Kim to second
|
Batting: RHB Randy Sheppard
|
0-0: Ball 1-0: Foul Ball, location: 2F 1-1: Ball 2-1: Called Strike 2-2: Strikes out swinging
|
Top of the 5th over - 0 run(s), 0 hit(s), 0 error(s), 2 left on base; Seattle 6 - Chicago 0 |
BOTTOM OF THE 5TH |
Chicago Machine batting - Pitching for Seattle Pikes : RHP Jesús Suárez
|
Pitching: RHP Jim Nelson
|
|
Batting: RHB Fabrice Brodeur
|
0-0: Called Strike 0-1: Foul Ball, location: 2F 0-2: Ball 1-2: Ball 2-2: Ball 3-2: Strikes out swinging
|
Batting: SHB Tony McLaughlin
|
0-0: Called Strike 0-1: Swinging Strike 0-2: SINGLE (Line Drive, 6M)
|
Batting: RHB Rick Ayliffe
|
0-0: Called Strike 0-1: SINGLE (Line Drive, 9S) Tony McLaughlin to second
|
Batting: RHB Roberto Cardona
|
0-0: Swinging Strike 0-1: Ball 1-1: Ball 2-1: Foul Ball, location: 2F 2-2: Foul Ball, location: 2F 2-2: Strikes out swinging
|
Batting: LHB Bob Smith
|
0-0: Ball 1-0: Called Strike 1-1: Foul Ball, location: 2F 1-2: Strikes out swinging
|
Bottom of the 5th over - 0 run(s), 2 hit(s), 0 error(s), 2 left on base; Seattle 6 - Chicago 0 |
TOP OF THE 6TH |
Seattle Pikes batting - Pitching for Chicago Machine : RHP Manny Muñóz
|
Batting: RHB Naomi Kitamura
|
0-0: Swinging Strike 0-1: Ball 1-1: DOUBLE (Flyball, 7D)
|
Batting: RHB Henning Huisman
|
0-0: Ground out 4-3 (Groundball, 4) Naomi Kitamura to third
|
Pinch Hitting: RHB António Ortega
|
0-0: Foul Ball, location: 2F 0-1: Ball 1-1: Fly out, F8 (Flyball, 8LXD) Runner from 3rd tags up, SCORES, no throw
|
Batting: RHB John Anderson
|
0-0: Ball 1-0: Called Strike 1-1: SINGLE (Groundball, 56) (infield hit)
|
Pinch Hitting: RHB Manuel Rico
|
0-0: Ball 1-0: Swinging Strike 1-1: Ground out 6-3 (Groundball, 6)
|
Top of the 6th over - 1 run(s), 2 hit(s), 0 error(s), 1 left on base; Seattle 7 - Chicago 0 |
BOTTOM OF THE 6TH |
Chicago Machine batting - Pitching for Seattle Pikes : RHP Jim Nelson
|
Now at 1B: António Ortega
|
|
Now in RF: Manuel Rico
|
|
Batting: LHB José Antonio Santiago
|
0-0: Called Strike 0-1: Foul Ball, location: 2F 0-2: Ball 1-2: SOLO HOME RUN (Flyball, 9D), Distance : 394 ft
|
Batting: LHB Eric Wheeler
|
0-0: Ball 1-0: Ball 2-0: Ball 3-0: Called Strike 3-1: Foul Ball, location: 2F 3-2: Reached on error, E6 (Groundball, 6MS)
|
Batting: LHB Luis Espinoza
|
0-0: 2-RUN HOME RUN (Flyball, 89XD), Distance : 422 ft
|
Batting: SHB Joaquín López
|
0-0: Ball 1-0: Fly out, F7 (Flyball, 7LS)
|
Batting: RHB Fabrice Brodeur
|
0-0: Called Strike 0-1: Foul Ball, location: 2F 0-2: Strikes out swinging
|
Batting: SHB Tony McLaughlin
|
0-0: Ball 1-0: Ball 2-0: Ball 3-0: Base on Balls
|
Batting: RHB Rick Ayliffe
|
0-0: Called Strike 0-1: Ball 1-1: Ball Tony McLaughlin steals 2nd base 2-1: Foul Ball, location: 2F 2-2: Ball 3-2: Strikes out looking
|
Bottom of the 6th over - 3 run(s), 2 hit(s), 1 error(s), 1 left on base; Seattle 7 - Chicago 3 |
TOP OF THE 7TH |
Seattle Pikes batting - Pitching for Chicago Machine : RHP Manny Muñóz
|
Pitching: RHP Diego Chávez
|
|
Batting: LHB Chad Weaver
|
0-0: DOUBLE (Groundball, 3D)
|
Pinch Hitting: LHB Brandon Cummings
|
0-0: Intentional Walk
|
Pinch Hitting: RHB Iván Gonzáles
|
0-0: Ball 1-0: Called Strike 1-1: Foul Ball, location: 2F 1-2: Hit by Pitch Chad Weaver to third Brandon Cummings to second
|
Pinch Hitting: RHB Murai Ishihara
|
0-0: Fly out, F7 (Line Drive, 78M) Runner from 3rd tags up, SCORES, no throw
|
Pinch Hitting: SHB António Hernández
|
0-0: Ball 1-0: Fly out, F7 (Flyball, 78XD) Runner from 2nd tags up, SAFE at 3rd, no throw
|
Pinch Hitting: RHB George Howard
|
0-0: Ball 1-0: Ball 2-0: Foul Ball, location: 2F 2-1: Called Strike 2-2: Foul Ball, location: 2F 2-2: Fly out, F6 (Line Drive, 6)
|
Top of the 7th over - 1 run(s), 1 hit(s), 0 error(s), 2 left on base; Seattle 8 - Chicago 3 |
TOP OF THE 8TH |
Seattle Pikes batting - Pitching for Chicago Machine : RHP Diego Chávez
|
Now at 1B: Derek Ramsey
|
|
Now in CF: Arturo García
|
|
Now in RF: Domingo Flores
|
|
Batting: RHB António Ortega
|
0-0: SOLO HOME RUN (Flyball, 7LD), Distance : 350 ft
|
Batting: RHB John Anderson
|
0-0: Ball 1-0: Ball 2-0: Fly out, F9 (Flyball, 9M)
|
Batting: RHB Manuel Rico
|
0-0: Ball 1-0: Ball 2-0: Foul Ball, location: 2F 2-1: Swinging Strike 2-2: Ground out 4-3 (Groundball, 4)
|
Batting: LHB Chad Weaver
|
0-0: Ball 1-0: Foul Ball, location: 2F 1-1: Fly out, F7 (Flyball, 7LM)
|
Top of the 8th over - 1 run(s), 1 hit(s), 0 error(s), 0 left on base; Seattle 9 - Chicago 3 |
BOTTOM OF THE 8TH |
Chicago Machine batting - Pitching for Seattle Pikes : RHP Glen Brewer
|
Batting: LHB Francisco Vega
|
0-0: Called Strike 0-1: Ball 1-1: Foul Ball, location: 2F 1-2: Foul Ball, location: 2F 1-2: Ball 2-2: Foul Ball, location: 2F 2-2: Ball 3-2: Foul Ball, location: 2F 3-2: Foul Ball, location: 2F 3-2: Base on Balls
|
Pinch Hitting: LHB A.J. Major
|
0-0: Swinging Strike 0-1: Ball 1-1: Foul Ball, location: 2F 1-2: Ball 2-2: Foul Ball, location: 2F 2-2: Ball 3-2: SINGLE (Groundball, 3D) Francisco Vega to second Francisco Vega to third
|
Batting: SHB Joaquín López
|
0-0: Ball 1-0: Called Strike 1-1: Ball 2-1: Foul Ball, location: 2F 2-2: Foul Ball, location: 2F 2-2: Foul Ball, location: 2F 2-2: Grounds into double play, 1-6-3 (Groundball, 15)
|
Batting: RHB Fabrice Brodeur
|
Single, Error in OF, E9, batter to second base Francisco Vega scores
|
Batting: SHB Tony McLaughlin
|
0-0: Ball 1-0: Ball 2-0: Called Strike 2-1: 2-RUN HOME RUN (Flyball, 89XD), Distance : 409 ft
|
Pitching: RHP Howard Joyce
|
|
Batting: RHB Rick Ayliffe
|
0-0: Called Strike 0-1: Ball 1-1: Ball 2-1: Called Strike 2-2: Strikes out swinging, 2-3 out at first.
|
Bottom of the 8th over - 3 run(s), 3 hit(s), 1 error(s), 0 left on base; Seattle 9 - Chicago 6 |
TOP OF THE 9TH |
Seattle Pikes batting - Pitching for Chicago Machine : RHP Diego Chávez
|
Now in LF: A.J. Major
|
|
Batting: LHB Brandon Cummings
|
0-0: Ball 1-0: Ball 2-0: Fly out, F9 (Flyball, 9D)
|
Pitching: LHP John Lane
|
|
Batting: RHB Iván Gonzáles
|
0-0: Ball 1-0: DOUBLE (Groundball, 3D)
|
Batting: RHB Murai Ishihara
|
0-0: Intentional Walk
|
Batting: SHB António Hernández
|
0-0: Ball 1-0: Foul Ball, location: 2F 1-1: Foul Ball, location: 2F 1-2: Foul Ball, location: 2F 1-2: Strikes out swinging
|
Batting: RHB George Howard
|
0-0: Ball 1-0: Called Strike 1-1: Ball 2-1: Foul Ball, location: 2F 2-2: Ball 3-2: Fly out, F6 (Popup, 6MD)
|
Top of the 9th over - 0 run(s), 1 hit(s), 0 error(s), 2 left on base; Seattle 9 - Chicago 6 |
BOTTOM OF THE 9TH |
Chicago Machine batting - Pitching for Seattle Pikes : RHP Howard Joyce
|
Pitching: RHP José Salinas
|
|
Batting: RHB Derek Ramsey
|
0-0: Ball 1-0: Called Strike 1-1: Called Strike 1-2: Ball 2-2: Fly out, F6 (Line Drive, 56D)
|
Batting: RHB Arturo García
|
0-0: Swinging Strike 0-1: SINGLE (Line Drive, 9LM)
|
Batting: LHB Domingo Flores
|
0-0: Ball 1-0: Ball 2-0: Ball 3-0: Base on Balls Arturo García to second
|
Batting: LHB Francisco Vega
|
0-0: SINGLE (Line Drive, 56D) Arturo García to third Domingo Flores to second Runner from 3rd tries for Home, SAFE, no throw or cutoff
|
Batting: LHB A.J. Major
|
0-0: Fielders Choice at 2nd, 1-4 (Groundball, 13) Domingo Flores to third
|
Batting: SHB Joaquín López
|
0-0: Ball 1-0: Called Strike 1-1: Foul Ball, location: 2F 1-2: Fielders Choice at 2nd, 6-4 (Groundball, 6)
|
Bottom of the 9th over - 1 run(s), 2 hit(s), 0 error(s), 1 left on base; Seattle 9 - Chicago 7 |
|